 Dungeon Crawl Stone Soup version 0.31-a0-231-g51bb95cda3 (webtiles) character file.

Game seed: 10574088316956753544

136 qw the Shooter (level 4, 0/37 HPs)
             Began as a Minotaur Hexslinger on July 6, 2023.
             Slain by a black bear (2 damage)
             ... on level 4 of the Dungeon.
             The game lasted 00:00:59 (2317 turns).

qw the Shooter (Minotaur Hexslinger)                Turns: 2317, Time: 00:01:00

Health: 0/37       AC:  6    Str: 13    XL:     4   Next: 98%
Magic:  4/4        EV: 12    Int: 10    God:
Gold:   195        SH:  0    Dex: 14    Spells: 4/5 levels left

rFire   . . .        Y - +1 sling (drain)
rCold   . . .        (no shield)
rNeg    . . .        b - +3 leather armour
rPois   .            (helmet restricted)
rElec   .            (no cloak)
rCorr   +            (no gloves)
SInv    .            (no boots)
Will    .....        (no amulet)
Stlth   +            g - ring of resist corrosion
HPRegen 0.26/turn    (no ring)
MPRegen 0.09/turn

%: no passive effects
@: about to teleport
A: horns 2, retaliatory headbutt
a: no special abilities


You were on level 4 of the Dungeon.
You visited 1 branch of the dungeon, and saw 4 of its levels.

You collected 195 gold pieces.


Innate Abilities, Weirdness & Mutations

You have a pair of horns on your head.
You reflexively headbutt those who attack you in melee.


   Skills:
 + Level 2.9 Fighting
 - Level 5.0 Ranged Weapons
 - Level 1.0 Armour
 - Level 2.1 Dodging
 - Level 1.0 Spellcasting
 - Level 2.0 Hexes


You had 4 spell levels left.
You knew the following spells:

 Your Spells              Type           Power      Damage    Failure   Level
a - Slow                  Hex            16%        N/A       19%         1

Your spell library contained the following spells:

 Spells                   Type           Power      Damage    Failure   Level
 Inner Flame              Hex/Fire       2%         N/A       65%         3
 Portal Projectile        Hex/Tloc       4%         N/A       65%         3
 Cause Fear               Hex            2%         N/A       88%         4

Inventory:

Hand Weapons
 Y - a +1 sling of draining (weapon)
Armour
 b - a +3 leather armour (worn)
Jewellery
 g - a ring of resist corrosion (left hand)
Scrolls
 a - 2 scrolls of identify
Potions
 d - 2 potions of curing
 e - a potion of haste {unknown}
 f - 2 potions of mutation
 h - a potion of enlightenment

Dungeon Overview and Level Annotations

Branches:
Dungeon (4/15)
 Temple: D:4-7

Altars:


Message History

You shoot a sling bullet. The sling bullet hits the black bear.
You drain the black bear.
The black bear is heavily wounded.
The black bear barely misses you. You furiously retaliate!
You headbutt the black bear. The black bear barely misses you.
The black bear claws you but does no damage.
The black bear bites you. The black bear closely misses you.
The black bear claws you but does no damage.
You shoot a sling bullet. The sling bullet hits the black bear.
The black bear is severely wounded.
The black bear closely misses you. The black bear claws you.
The black bear misses you. The black bear barely misses you.
The black bear closely misses you. x3; The black bear claws you.
The black bear claws you but does no damage.
The black bear goes berserk!
You shoot a sling bullet. The sling bullet hits the black bear.
You drain the black bear.
The black bear is almost dead.
The black bear misses you. The black bear claws you. x2
The black bear bites you. The black bear closely misses you.
The black bear barely misses you.
The black bear bites you but does no damage.
The black bear barely misses you. The black bear claws you.
2316 ||| READING scroll of teleportation.
As you read the scroll of teleportation, it crumbles to dust.
You feel strangely unstable.
The black bear bites you but does no damage.
The black bear claws you but does no damage.
The black bear claws you. The black bear closely misses you.
You furiously retaliate!
You headbutt the black bear, but do no damage.
The black bear claws you but does no damage.
The black bear misses you.
You shoot a sling bullet.
The sling bullet hits the black bear but does no damage.
The black bear is almost dead.
The black bear closely misses you. You furiously retaliate!
You headbutt the black bear, but do no damage.
The black bear barely misses you. The black bear claws you.
You die...

# #### ..
...# ### ...
...# #.. ....
...# #.#
..... ...#
#.# ###......
...########.#
#@h......
...+........#
#h#......
...##.......#
#.# .....
#####.#####.#
#.# .$.. #.#
#.####.# ...
#####.#
#......# ..
...##.#
######## #
##.##.#
#.##.#


You could see 2 black bears.

Vanquished Creatures
  Natasha (D:2)
  Robin (D:2)
  An adder (D:3)
  An ufetubus (D:4)
  A worm (D:2)
  2 dart slugs
  An orc (D:3)
  9 ball pythons
  5 endoplasms
  2 giant cockroaches
  7 hobgoblins
  3 jackals (D:1)
  6 quokkas
  12 bats
  3 frilled lizards
  10 goblins
  3 kobolds
  4 rats
72 creatures vanquished.

Notes
Turn   | Place    | Note
-------+----------+-------------------------------------------
     0 | D:1      | qw the Minotaur Hexslinger began the quest for the Orb.
     0 | D:1      | Reached XP level 1. HP: 16/16 MP: 1/1
     0 | D:1      | 0 ||| qw: Version: 0.3-a-46-gb1f654a
     0 | D:1      | 0 ||| qw: Game counter: 1893
     0 | D:1      | 0 ||| qw: Melee chars always use a shield: true
     0 | D:1      | 0 ||| qw: God list: Okawaru
     0 | D:1      | 0 ||| qw: Allow faded altars: false
     0 | D:1      | 0 ||| qw: Do Orc after clearing Dungeon:15 true
     0 | D:1      | 0 ||| qw: Do second Lair branch before Depths: true
     0 | D:1      | 0 ||| qw: Lair rune preference: random
     0 | D:1      | 0 ||| qw: Goals: Normal
     0 | D:1      | 0 ||| PLANNING D:1-11
   123 | D:1      | 123 ||| FLEEEEING.
   124 | D:1      | 124 ||| FLEEEEING.
   125 | D:1      | 125 ||| FLEEEEING.
   129 | D:1      | 129 ||| FLEEEEING.
   130 | D:1      | 130 ||| FLEEEEING.
   149 | D:1      | Reached skill level 3 in Ranged Weapons
   149 | D:1      | Reached XP level 2. HP: 23/23 MP: 2/2
   163 | D:1      | HP: 6/24 [jackal (2)]
   177 | D:1      | 177 ||| FLEEEEING.
   178 | D:1      | 178 ||| FLEEEEING.
   179 | D:1      | 179 ||| FLEEEEING.
   180 | D:1      | 180 ||| FLEEEEING.
   608 | D:1      | Reached XP level 3. HP: 29/29 MP: 3/3
   654 | D:1      | 654 ||| UPGRADING to +0 ring mail.
   664 | D:1      | 664 ||| DROPPING +0 robe.
   665 | D:1      | 665 ||| UPGRADING to ring of resist corrosion.
   666 | D:1      | 666 ||| READING 4 scrolls labelled BELARR HEUDUTS.
   667 | D:1      | 667 ||| READING scroll labelled MYHYPAMM OMUCO.
   668 | D:1      | 668 ||| READING scroll labelled UCEDGH EVEOLOL.
   669 | D:1      | 669 ||| DRINKING 3 purple potions.
   670 | D:1      | 670 ||| READING 3 scrolls of identify.
   670 | D:1      | 670 ||| IDENTIFYING fizzy cyan potion
   671 | D:1      | 671 ||| READING 2 scrolls of identify.
   671 | D:1      | 671 ||| IDENTIFYING fizzy green potion
   672 | D:1      | 672 ||| DROPPING scroll of poison.
   673 | D:1      | 673 ||| DROPPING potion of attraction.
   906 | D:2      | Reached skill level 4 in Ranged Weapons
   920 | D:2      | Noticed Robin
   921 | D:2      | Reached skill level 1 in Armour
   930 | D:2      | Killed Robin
   936 | D:2      | Reached XP level 4. HP: 25/36 MP: 4/4
  1093 | D:2      | Noticed Natasha
  1097 | D:2      | Killed Natasha
  1397 | D:2      | 1397 ||| UPGRADING to +3 leather armour.
  1407 | D:2      | 1407 ||| DROPPING +0 ring mail.
  1408 | D:2      | 1408 ||| READING 2 scrolls labelled ECLEMA ODONLIMUV.
  1412 | D:2      | 1412 ||| DRINKING 2 smoky sapphire potions.
  1413 | D:2      | 1413 ||| READING 2 scrolls of identify.
  1413 | D:2      | 1413 ||| IDENTIFYING sapphire potion
  1414 | D:2      | 1414 ||| DROPPING potion of brilliance.
  1465 | D:3      | 1465 ||| FLEEEEING.
  1466 | D:3      | 1466 ||| STAIRDANCE
  1492 | D:3      | 1492 ||| STAIRDANCE
  1581 | D:3      | Reached skill level 5 in Ranged Weapons
  2108 | D:3      | 2108 ||| READING 3 scrolls labelled YXKEAS PAOXZYPOC.
  2209 | D:3      | 2209 ||| READING scroll labelled SOZUULUFUN.
  2210 | D:3      | 2210 ||| READING 3 scrolls of identify.
  2210 | D:3      | 2210 ||| IDENTIFYING murky pink potion
  2211 | D:3      | 2211 ||| DROPPING 2 scrolls of silence.
  2212 | D:3      | 2212 ||| DROPPING potion of lignification.
  2306 | D:4      | Noticed a black bear
  2306 | D:4      | Noticed a black bear
  2315 | D:4      | HP: 9/37 [black bear (3)]
  2315 | D:4      | HP: 4/37 [black bear (4)]
  2316 | D:4      | 2316 ||| READING scroll of teleportation.
  2317 | D:4      | Slain by a black bear

Levels and vault maps discovered:
D:1:      dpeg_arrival_shelter, layout_basic, minmay_ruptured
D:2:      layout_loops_ring, uniq_robin, uniq_natasha
D:3:      layout_basic
D:4:      layout_basic, tgw_kikubaaqudgha

Skill      XL: |  1  2  3  4 |
---------------+-------------+-----
Ranged Weapons | 3 4 5 |  5.0
Fighting       | 2 |  2.9
Armour         | 1 |  1.0
Dodging        | |  2.1
Spellcasting   | |  1.0
Hexes          | |  2.0

Action                     |  1- 3 |  4- 6 || total
---------------------------+-------+-------++-------
   Fire: Sling             |   119 |    93 ||   212
    Use: Scroll            |     5 |     6 ||    11
         Potion            |     1 |     1 ||     2
 Armour: Robe              |    16 |       ||    16
         Ring mail         |    12 |     4 ||    16
         Leather armour    |       |    21 ||    21
  Dodge: Dodged            |    52 |    55 ||   107

Table legend:
 A = Non-vault XP
 B = Vault XP
 C = Vault XP percentage of total XP
 D = Non-vault monster count
 E = Vault monster count
 F = Vault count percentage of total count
                 A         B        C        D         E       F
            +---------+---------+-------+---------+---------+-------
      Total |     113 |      82 |  42.1 |      54 |      18 |  25.0
            +---------+---------+-------+---------+---------+-------
        D:1 |      33 |      10 |  23.3 |      19 |       5 |  20.8
        D:2 |      32 |      72 |  69.2 |      17 |      13 |  43.3
        D:3 |      40 |       0 |   0.0 |      17 |       0 |   0.0
        D:4 |       8 |       0 |   0.0 |       1 |       0 |   0.0
            +---------+---------+-------+---------+---------+-------
